MID
GREAT LAKES LOONS @ HAGERSTOWN SUNS
08/09/2045
 
TOP OF THE 1ST
Great Lakes Loons batting - Pitching for Hagerstown Suns : RHP Bastien Perrini
Pitching: RHP Bastien Perrini
Batting: RHB Theo Schepers 0-0: SINGLE (Line Drive, 7S, EV 111.2 MPH)
Batting: LHB Chris Barrera 0-0: Ball
1-0: Ground out 4-3 (Groundball, 4, EV 93.8 MPH)
Theo Schepers to second
Batting: SHB Shane Marcum 0-0: Ball
Theo Schepers steals 3rd, throwing error, E2
Theo Schepers scores
1-0: Ball
2-0: Foul Ball, location: 2F
2-1: Ball
3-1: Base on Balls
Batting: LHB Mitchell Casey 0-0: Ball
1-0: SINGLE (Groundball, 4D, EV 99.4 MPH)
Shane Marcum to second
Runner from 2nd tries for 3rd, SAFE, no throw by RF
Batting: RHB Jerry Sanchez 0-0: SINGLE (Line Drive, 9S, EV 95.6 MPH)
Shane Marcum scores
Mitchell Casey to second
Runner from 2nd tries for 3rd, SAFE, throw by RF made to third
Batting: RHB Chad Rojas 0-0: Ball
Jerry Sanchez steals 2nd base
1-0: Foul Ball, location: 2F
1-1: Foul Ball, location: 2F
1-2: SINGLE (Line Drive, 8RS, EV 106.9 MPH)
Mitchell Casey scores
Jerry Sanchez to third
Runner from 3rd tries for Home, SAFE, throw by CF to home
Batting: RHB Matt Fields 0-0: Swinging Strike
0-1: Ball
1-1: SINGLE (Groundball, P, EV 88.1 MPH) (infield hit)
Chad Rojas to second
Batting: RHB Bob Magana 0-0: Foul Ball, location: 2F
0-1: SINGLE (Groundball, 6MD, EV 110.6 MPH)
Chad Rojas to third
Matt Fields to second
Runner from 3rd tries for Home, SAFE, throw by CF to home
Pitching: RHP Chris Lawrence
Batting: RHB Junro Kato 0-0: Foul Ball, location: 2F
0-1: SINGLE (Groundball, P, EV 81.2 MPH) (infield hit)
Matt Fields to third
Bob Magana to second
Pinch Runner at 1st Tore Bosch:
Batting: RHB Theo Schepers 0-0: Ball
1-0: Ball
2-0: Ball
3-0: Base on Balls
Matt Fields scores
Bob Magana to third
Tore Bosch to second
Batting: LHB Chris Barrera 0-0: Called Strike
0-1: Called Strike
0-2: SINGLE (Groundball, 25, EV 70.6 MPH) (infield hit)
Bob Magana scores
Tore Bosch to third
Theo Schepers to second
Batting: SHB Shane Marcum 0-0: Swinging Strike
0-1: Ball
1-1: SINGLE (Groundball, 6MD, EV 102.5 MPH)
Tore Bosch scores
Theo Schepers to third
Chris Barrera to second
Runner from 3rd tries for Home, SAFE, throw by CF to home
Batting: LHB Mitchell Casey 0-0: Foul Ball, location: 2F
0-1: SINGLE (Flyball, 6D, EV 98.1 MPH)
Chris Barrera to third
Shane Marcum to second
Batting: RHB Jerry Sanchez 0-0: Called Strike
0-1: Fly out, F7 (Flyball, 7, EV 89.4 MPH)
Batting: RHB Chad Rojas 0-0: Called Strike
0-1: Ball
1-1: Fly out, F8 (Flyball, 8RS, EV 90.0 MPH)
Top of the 1st over - 9 runs, 10 hits, 1 error, 3 left on base; Great Lakes 9 - Hagerstown 0
BOTTOM OF THE 1ST
Hagerstown Suns batting - Pitching for Great Lakes Loons : RHP Andrew Telles
Pitching: RHP Andrew Telles
Batting: RHB John Savard 0-0: Called Strike
0-1: SINGLE (Line Drive, 34, EV 101.9 MPH)
Batting: RHB Antonio Morado 0-0: Called Strike
John Savard steals 2nd base
0-1: Ball
John Savard steals 3rd base
Balk!
John Savard scores
1-1: Swinging Strike
1-2: Ball
2-2: Fly out, F8 (Flyball, 8RM, EV 83.8 MPH)
Batting: RHB Jim Miske 0-0: Ball
1-0: SINGLE (Groundball, 56D, EV 105.6 MPH)
Batting: LHB Nate Melendez 0-0: Ball
1-0: Fielders Choice at 2nd, 4-6 (Groundball, 4, EV 86.9 MPH)
Batting: RHB Slavik Nebrodov 0-0: Called Strike
0-1: Fly out, F3 (Line Drive, 3, EV 75.0 MPH)
Bottom of the 1st over - 1 run, 2 hits, 0 errors, 1 left on base; Great Lakes 9 - Hagerstown 1
TOP OF THE 2ND
Great Lakes Loons batting - Pitching for Hagerstown Suns : RHP Chris Lawrence
Batting: RHB Matt Fields 0-0: Called Strike
0-1: Ball
1-1: Called Strike
1-2: Strikes out looking
Batting: RHB Bob Magana 0-0: Ball
1-0: Foul Ball, location: 2F
1-1: Called Strike
1-2: Strikes out swinging
Batting: LHB Tore Bosch 0-0: Called Strike
0-1: Ball
1-1: Ball
2-1: Ball
3-1: SINGLE (Groundball, 4D, EV 97.5 MPH)
Batting: RHB Theo Schepers 0-0: Called Strike
0-1: Ball
1-1: Ball
2-1: Swinging Strike
2-2: Foul Ball, location: 2F
2-2: Strikes out swinging
Top of the 2nd over - 0 runs, 1 hit, 0 errors, 1 left on base; Great Lakes 9 - Hagerstown 1
BOTTOM OF THE 2ND
Hagerstown Suns batting - Pitching for Great Lakes Loons : RHP Andrew Telles
Batting: LHB Elias Posada 0-0: Ground out 4-3 (Groundball, 34, EV 77.5 MPH)
Batting: RHB Naofumi Ishida 0-0: Called Strike
0-1: Fly out, F7 (Flyball, 78M, EV 93.1 MPH)
Batting: RHB Marcus Dawson 0-0: Ball
1-0: SINGLE (Flyball, 78S, EV 84.4 MPH)
Batting: RHB Scott Skoglund 0-0: Called Strike
0-1: Ball
1-1: DOUBLE (Groundball, 5L, EV 105.0 MPH)
Marcus Dawson to third
Runner from 3rd tries for Home, SAFE, no throw by LF
Batting: RHB John Savard 0-0: Ball
1-0: Ground out 5-3 (Groundball, 56, EV 86.9 MPH)
Bottom of the 2nd over - 1 run, 2 hits, 0 errors, 1 left on base; Great Lakes 9 - Hagerstown 2
TOP OF THE 3RD
Great Lakes Loons batting - Pitching for Hagerstown Suns : RHP Chris Lawrence
Batting: LHB Chris Barrera 0-0: Ball
1-0: Ball
2-0: Ball
3-0: Called Strike
3-1: Base on Balls
Pitching: RHP Salvador Medina
Batting: SHB Shane Marcum 0-0: Ball
1-0: Ball
2-0: Foul Ball, location: 2F
2-1: Called Strike
2-2: Strikes out swinging
Batting: LHB Mitchell Casey 0-0: Ball
1-0: Called Strike
1-1: Foul Ball, location: 2F
1-2: Ball
2-2: Ball
3-2: Fly out, F7 (Line Drive, 7D, EV 90.6 MPH)
Batting: RHB Jerry Sanchez 0-0: Ball
1-0: Called Strike
1-1: Ball
Wild Pitch!
Chris Barrera to second
2-1: Ball
3-1: Foul Ball, location: 2F
3-2: SINGLE (Groundball, 15S, EV 70.0 MPH) (infield hit)
Chris Barrera to third
Batting: RHB Chad Rojas 0-0: Ball
Pickoff Throw to First - Error! E1
Chris Barrera scores
Jerry Sanchez to second
1-0: Ball
2-0: Called Strike
2-1: Ball
3-1: Fly out, F8 (Line Drive, 8RD, EV 93.8 MPH)
Top of the 3rd over - 1 run, 1 hit, 1 error, 1 left on base; Great Lakes 10 - Hagerstown 2
BOTTOM OF THE 3RD
Hagerstown Suns batting - Pitching for Great Lakes Loons : RHP Andrew Telles
Batting: RHB Antonio Morado 0-0: Ground out 6-3 (Groundball, 6M, EV 105.0 MPH)
Batting: RHB Jim Miske 0-0: Ball
1-0: Ball
2-0: Ball
3-0: Base on Balls
Batting: LHB Nate Melendez 0-0: Ball
1-0: Ball
2-0: Ball
3-0: Base on Balls
Jim Miske to second
Batting: RHB Slavik Nebrodov 0-0: Ball
1-0: Called Strike
1-1: Ball
2-1: Ball
3-1: SINGLE (Line Drive, 89S, EV 100.6 MPH)
Jim Miske to third
Nate Melendez to second
Batting: LHB Elias Posada 0-0: Ball
1-0: Called Strike
1-1: Swinging Strike
1-2: Grounds into double play, 4-6-3 (Groundball, 4, EV 104.4 MPH)
Bottom of the 3rd over - 0 runs, 1 hit, 0 errors, 2 left on base; Great Lakes 10 - Hagerstown 2
TOP OF THE 4TH
Great Lakes Loons batting - Pitching for Hagerstown Suns : RHP Salvador Medina
Batting: RHB Matt Fields 0-0: Ball
1-0: Ball
2-0: Called Strike
2-1: Fly out, F9 (Flyball, 89M, EV 88.1 MPH)
Batting: RHB Bob Magana 0-0: Ball
1-0: Called Strike
1-1: Foul Ball, location: 2F
1-2: Ground out 6-3 (Groundball, 56, EV 85.0 MPH)
Batting: LHB Tore Bosch 0-0: Ball
1-0: Ball
2-0: Foul Ball, location: 2F
2-1: Ball
3-1: Base on Balls
Batting: RHB Theo Schepers 0-0: Called Strike
0-1: Foul Ball, location: 2F
0-2: Ground out 1-3 (Groundball, 34S, EV 70.6 MPH)
Top of the 4th over - 0 runs, 0 hits, 0 errors, 1 left on base; Great Lakes 10 - Hagerstown 2
BOTTOM OF THE 4TH
Hagerstown Suns batting - Pitching for Great Lakes Loons : RHP Andrew Telles
Batting: RHB Naofumi Ishida 0-0: Swinging Strike
0-1: SINGLE (Groundball, 4MS, EV 76.2 MPH) (infield hit)
Batting: RHB Marcus Dawson 0-0: 2-RUN HOME RUN (Flyball, 9LD, EV 95.0 MPH), Distance : 345 ft
Batting: RHB Scott Skoglund 0-0: Ball
1-0: Foul Ball, location: 2F
1-1: SOLO HOME RUN (Flyball, 7D, EV 97.5 MPH), Distance : 362 ft
Batting: RHB John Savard 0-0: Called Strike
0-1: Ball
1-1: Called Strike
1-2: Ground out 1-3 (Groundball, 34S, EV 71.2 MPH)
Batting: RHB Antonio Morado 0-0: Called Strike
0-1: Called Strike
0-2: Ball
1-2: Strikes out swinging
Batting: RHB Jim Miske 0-0: SINGLE (Groundball, 4S, EV 70.0 MPH) (infield hit)
Pinch Runner at 1st Adam Jacobs:
Batting: LHB Nate Melendez 0-0: Foul Ball, location: 2F
0-1: Ball
1-1: Swinging Strike
1-2: Ball
2-2: Fielders Choice at 2nd, 6-4 (Groundball, 6, EV 97.5 MPH)
Bottom of the 4th over - 3 runs, 4 hits, 0 errors, 1 left on base; Great Lakes 10 - Hagerstown 5
TOP OF THE 5TH
Great Lakes Loons batting - Pitching for Hagerstown Suns : RHP Salvador Medina
Batting: LHB Chris Barrera 0-0: Ball
1-0: Foul Ball, location: 2F
1-1: Ball
2-1: Ball
3-1: SINGLE (Groundball, 4MD, EV 98.1 MPH)
Pitching: RHP Tim Schultz
Batting: SHB Shane Marcum 0-0: Ball
1-0: Ball
2-0: Ball
3-0: Called Strike
3-1: Called Strike
3-2: Strikes out swinging
Batting: LHB Mitchell Casey 0-0: Called Strike
0-1: Called Strike
0-2: Ball
1-2: Hit by Pitch
Chris Barrera to second
Batting: RHB Jerry Sanchez 0-0: Called Strike
0-1: Ball
1-1: Ball
2-1: Ball
3-1: Called Strike
3-2: Base on Balls
Chris Barrera to third
Mitchell Casey to second
Batting: RHB Chad Rojas 0-0: Ball
1-0: Called Strike
1-1: Fly out, F7 (Flyball, 7LM, EV 96.9 MPH)
Batting: RHB Matt Fields 0-0: Called Strike
0-1: Called Strike
0-2: Strikes out swinging
Top of the 5th over - 0 runs, 1 hit, 0 errors, 3 left on base; Great Lakes 10 - Hagerstown 5
BOTTOM OF THE 5TH
Hagerstown Suns batting - Pitching for Great Lakes Loons : RHP Andrew Telles
Batting: RHB Slavik Nebrodov 0-0: Called Strike
0-1: Ball
1-1: SINGLE (Line Drive, 9S, EV 94.4 MPH)
Batting: LHB Elias Posada 0-0: Foul Ball, location: 2F
0-1: Called Strike
0-2: Reached on error, E2 (Groundball, 2L, EV 60.6 MPH)
Slavik Nebrodov to second
Batting: RHB Naofumi Ishida 0-0: Ball
1-0: Ball
2-0: Foul Ball, location: 2F
2-1: Grounds into double play, 5-4-3 (Groundball, 56S, EV 86.9 MPH)
Slavik Nebrodov to third
Batting: RHB Marcus Dawson 0-0: Ground out 1-3 (Groundball, 13S, EV 66.9 MPH)
Bottom of the 5th over - 0 runs, 1 hit, 1 error, 1 left on base; Great Lakes 10 - Hagerstown 5
TOP OF THE 6TH
Great Lakes Loons batting - Pitching for Hagerstown Suns : RHP Tim Schultz
Batting: RHB Bob Magana 0-0: Fly out, F8 (Flyball, 89S, EV 78.8 MPH)
Batting: LHB Tore Bosch 0-0: Swinging Strike
0-1: Ball
1-1: Foul Ball, location: 2F
1-2: Strikes out swinging
Batting: RHB Theo Schepers 0-0: Ball
1-0: Ball
2-0: Ball
3-0: Called Strike
3-1: Foul Ball, location: 2F
3-2: Ground out 4-3 (Groundball, 4, EV 87.5 MPH)
Top of the 6th over - 0 runs, 0 hits, 0 errors, 0 left on base; Great Lakes 10 - Hagerstown 5
BOTTOM OF THE 6TH
Hagerstown Suns batting - Pitching for Great Lakes Loons : RHP Andrew Telles
Batting: RHB Scott Skoglund 0-0: Called Strike
0-1: Foul Ball, location: 2F
0-2: Ball
1-2: Ground out 4-3 (Groundball, 4, EV 88.8 MPH)
Batting: RHB John Savard 0-0: Ball
1-0: Ball
2-0: Ball
3-0: Base on Balls
Pitching: RHP Cory Fischer
Batting: RHB Antonio Morado 0-0: Ball
John Savard steals 2nd base
1-0: Ground out 6-3 (Groundball, 6M, EV 85.0 MPH)
John Savard to third
Batting: LHB Adam Jacobs 0-0: Called Strike
0-1: Ground out U3 (Groundball, 3L, EV 86.2 MPH)
Bottom of the 6th over - 0 runs, 0 hits, 0 errors, 1 left on base; Great Lakes 10 - Hagerstown 5
TOP OF THE 7TH
Great Lakes Loons batting - Pitching for Hagerstown Suns : RHP Tim Schultz
Batting: LHB Chris Barrera 0-0: Ball
1-0: Ball
2-0: Swinging Strike
2-1: Ball
3-1: Base on Balls
Batting: SHB Shane Marcum 0-0: Called Strike
0-1: Ball
1-1: Ball
2-1: Swinging Strike
2-2: Foul Ball, location: 2F
2-2: Strikes out looking
Pitching: RHP Jon Baily
Batting: LHB Mitchell Casey 0-0: Fly out, F8 (Flyball, 8RD, EV 88.8 MPH)
Batting: RHB Jerry Sanchez 0-0: Ball
1-0: Called Strike
1-1: Called Strike
1-2: Ball
2-2: Strikes out swinging
Top of the 7th over - 0 runs, 0 hits, 0 errors, 1 left on base; Great Lakes 10 - Hagerstown 5
BOTTOM OF THE 7TH
Hagerstown Suns batting - Pitching for Great Lakes Loons : RHP Cory Fischer
Batting: LHB Nate Melendez 0-0: Called Strike
0-1: Ball
1-1: Ground out 4-3 (Groundball, 4, EV 85.6 MPH)
Batting: RHB Slavik Nebrodov 0-0: Hit by Pitch
Batting: LHB Elias Posada 0-0: Grounds into double play, 6-4-3 (Groundball, 6, EV 86.9 MPH)
Bottom of the 7th over - 0 runs, 0 hits, 0 errors, 0 left on base; Great Lakes 10 - Hagerstown 5
TOP OF THE 8TH
Great Lakes Loons batting - Pitching for Hagerstown Suns : RHP Jon Baily
Batting: RHB Chad Rojas 0-0: Ball
1-0: Foul Ball, location: 2F
1-1: Called Strike
1-2: Ball
2-2: Strikes out swinging
Batting: RHB Matt Fields 0-0: Called Strike
0-1: Called Strike
0-2: Ball
1-2: Ground out 5-3 (Groundball, 56D, EV 79.4 MPH)
Batting: RHB Bob Magana 0-0: Called Strike
0-1: Foul Ball, location: 2F
0-2: Ball
1-2: Strikes out swinging
Top of the 8th over - 0 runs, 0 hits, 0 errors, 0 left on base; Great Lakes 10 - Hagerstown 5
BOTTOM OF THE 8TH
Hagerstown Suns batting - Pitching for Great Lakes Loons : RHP Cory Fischer
Batting: RHB Naofumi Ishida 0-0: Hit by Pitch
Batting: RHB Marcus Dawson 0-0: Ball
1-0: Foul Ball, location: 2F
1-1: Called Strike
1-2: Ball
2-2: Strikes out swinging
Pinch Hitting: LHB Chance McWilliams 0-0: Ground out 4-3 (Groundball, 4S, EV 66.2 MPH)
Naofumi Ishida to second
Batting: RHB John Savard 0-0: Ground out 6-3 (Groundball, 6S, EV 86.2 MPH)
Bottom of the 8th over - 0 runs, 0 hits, 0 errors, 1 left on base; Great Lakes 10 - Hagerstown 5
TOP OF THE 9TH
Great Lakes Loons batting - Pitching for Hagerstown Suns : RHP Jon Baily
Now in LF: Chance McWilliams
Batting: LHB Tore Bosch 0-0: Swinging Strike
0-1: Called Strike
0-2: Ball
1-2: Ball
2-2: DOUBLE (Line Drive, 89M, EV 104.4 MPH)
Batting: RHB Theo Schepers 0-0: Ball
1-0: Ball
2-0: Ground out 4-3 (Groundball, 4S, EV 83.1 MPH)
Tore Bosch to third
Batting: LHB Chris Barrera 0-0: Ball
1-0: Ball
Passed Ball!
Tore Bosch scores
2-0: Called Strike
2-1: Foul Ball, location: 2F
2-2: DOUBLE (Line Drive, 78D, EV 105.0 MPH)
Pitching: RHP Gilberto Ricalde
Batting: SHB Shane Marcum 0-0: Ball
1-0: Foul Ball, location: 2F
1-1: Fly out, F6 (Flyball, 56D, EV 96.9 MPH)
Batting: LHB Mitchell Casey 0-0: SINGLE (Groundball, 34D, EV 100.0 MPH)
Chris Barrera to third
Runner from 3rd tries for Home, SAFE, throw by RF to home
Batting: RHB Jerry Sanchez 0-0: Foul Ball, location: 2F
0-1: Ball
1-1: Ball
2-1: Swinging Strike
2-2: Fly out, F7 (Flyball, 7LD, EV 110.6 MPH)
Top of the 9th over - 2 runs, 3 hits, 0 errors, 1 left on base; Great Lakes 12 - Hagerstown 5
BOTTOM OF THE 9TH
Hagerstown Suns batting - Pitching for Great Lakes Loons : RHP Cory Fischer
Batting: RHB Antonio Morado 0-0: Swinging Strike
0-1: Ball
1-1: Ball
2-1: Foul Ball, location: 2F
2-2: Ball
3-2: Ground out 6-3 (Groundball, 6, EV 83.8 MPH)
Batting: LHB Adam Jacobs 0-0: Ground out 6-3 (Groundball, 6, EV 85.0 MPH)
Batting: LHB Nate Melendez 0-0: Ball
1-0: Called Strike
1-1: Ball
2-1: Ball
3-1: Foul Ball, location: 2F
3-2: Base on Balls
Pinch Hitting: SHB Alex Medina 0-0: Ball
1-0: Fielders Choice at 2nd, 5-4 (Groundball, 56, EV 101.2 MPH)
Bottom of the 9th over - 0 runs, 0 hits, 0 errors, 1 left on base; Great Lakes 12 - Hagerstown 5
Wednesday, June 22nd , 2022 - OOTP Baseball 23.4 Build 64